 Dungeon Sprint DCSS version 0.28.0-53-g5a82cb258f (webtiles) character file.

Game seed: 16740107680456822667

5749 Zeld the Sorcerer (level 10, -11/50 HPs)
             Began as a Deep Elf Conjurer on May 31, 2022.
             Was a High Priest of Sif Muna.
             Mangled by a spriggan berserker
             ... wielding a +0 hand axe
              (36 damage)
             ... in the Dungeon (Sprint IV: "Fedhas' Mad Dash").
             The game lasted 00:03:36 (4189 turns).

Zeld the Sorcerer (Deep Elf Conjurer)               Turns: 4189, Time: 00:03:36

Health: -11/50     AC:  2    Str:  4    XL:     10   Next: 49%
Magic:  22/37      EV: 12    Int: 31    God:    Sif Muna [*****.]
Gold:   128        SH:  3    Dex: 13    Spells: 35/51 levels left

rFire   + + .      SeeInvis .   (no weapon)
rCold   . . .      Faith    .   h - +0 buckler
rNeg    . . .      Spirit   .   n - +0 robe of the Hidden Seas {Harm rPois rF++ Int-3}
rPois   +          Reflect  .   (no helmet)
rElec   .          Harm     +   (no cloak)
rCorr   .          Rampage  .   (no gloves)
Will    +....      NoTele   +   (no boots)
Stlth   ++++......              i - amulet of invisibility {+Inv}
HPRegen 0.16/turn               m - +6 ring of intelligence
MPRegen 0.25/turn               (no ring)

@: channelling, very slightly contaminated
A: no striking features
a: Renounce Religion, Evoke Invisibility, Channel Magic, Forget Spell, Divine
Exegesis


You were in the Dungeon.
You worshipped Sif Muna.
Sif Muna was extremely pleased with you.
You visited 1 branch You collected 254 gold pieces.
You spent 126 gold pieces at shops.

Inventory:

Armour
 h - a +0 buckler (worn)
 n - the +0 robe of the Hidden Seas (worn) {Harm rPois rF++ Int-3}
   (You found it in the Dungeon)

   Int:       It affects your intelligence (-3).
   rF:        It greatly protects you from fire.
   rPois:     It protects you from poison.
   Harm:      It increases damage dealt and taken.
Jewellery
 i - the amulet of invisibility (around neck) {+Inv}
   (You found it in the Dungeon)

   [amulet of nothing]

   +Inv:      It lets you turn invisible.
 m - a +6 ring of intelligence (left hand)
Wands
 a - a wand of charming (9)
 p - a wand of flame (29)
Scrolls
 g - a scroll of blinking
 j - a scroll of enchant weapon {unknown}
 k - 3 scrolls of identify {unknown}
 l - a scroll of fear {unknown}
 r - 2 scrolls of immolation {unknown}
 t - a scroll of fog {unknown}
Potions
 b - a potion of curing
 c - a potion of heal wounds
 d - a potion of haste
 e - 2 potions of magic
 f - a potion of berserk rage
 o - a potion of ambrosia {unknown}
 q - a potion of lignification {unknown}
 s - a potion of invisibility {unknown}


   Skills:
 - Level 2.4 Dodging
 - Level 8.0 Stealth
 * Level 21.3 Spellcasting
 * Level 18.5 Conjurations
 - Level 2.0 Hexes
 + Level 3.6 Translocations
 + Level 4.9 Invocations


You had 35 spell levels left.
You knew the following spells:

 Your Spells              Type           Power      Damage    Failure   Level
a - Magic Dart            Conj           100%       1d8       0%          1
b - Searing Ray           Conj           100%       2d8       0%          2
c - Fulminant Prism       Conj/Hex       38%        3d18      1%          4
d - Iskenderun's Mystic   Conj/Tloc      80%        2d16      1%          4
z - Manifold Assault      Tloc           54%        N/A       9%          5

Your spell library contained the following spells:

 Spells                   Type           Power      Damage    Failure   Level
 Apportation              Tloc           100%       N/A       1%          1
 Dazzling Flash           Conj/Hex       100%       N/A       1%          3
 Lesser Beckoning         Tloc           54%        N/A       1%          3
 Stone Arrow              Conj/Erth      100%       3d13      1%          3
 Poisonous Vapours        Pois/Air       66%        N/A       2%          2
 Frozen Ramparts          Ice            66%        1d8       4%          3
 Iron Shot                Conj/Erth      37%        9d7       4%          6
 Silence                  Hex/Air        19%        N/A       26%         5
 Alistair's Intoxication  Tmut/Pois      22%        N/A       36%         5
 Lee's Rapid Deconstruct  Erth           16%        3d11*     36%         5
 Storm Form               Tmut/Air       16%        N/A       100%        7


Dungeon Overview and Level Annotations

Branches:
Dungeon (1/1)

Altars:
Cheibriados
Dithmenos
Elyvilon
Gozag
Hepliaklqana
Kikubaaqudgha
Makhleb
Nemelex Xobeh
Okawaru
Qazlal
Ru
Sif Muna
Trog
Uskayaw
Vehumet
Wu Jian
Xom
Yredelemnul
Zin
The Shining One
Beogh
Jiyva
Lugonu

Shops:
D [*:(*=

Annotations:
D Agnes


Message History

The spriggan berserker goes berserk!
Unknown command.
The spriggan berserker hits you with a +0 hand axe!!
Ouch! That really hurt!
Casting: Iskenderun's Mystic Blast (safe; 1% risk of failure)
Confirm with . or Enter, or press ? or * to list all spells.
You erupt in a blast of force!
The mystic blast hits the spriggan berserker!
The spriggan berserker is lightly wounded.
The spriggan berserker is knocked back by the mystic blast.
The spriggan berserker collides with Agnes!
Agnes is heavily wounded.
The spriggan berserker is moderately wounded.
You are no longer locked in place.
Unknown command.
Unknown command.
Unknown command.
Casting: Iskenderun's Mystic Blast (safe; 1% risk of failure)
Confirm with . or Enter, or press ? or * to list all spells.
You erupt in a blast of force!
The mystic blast hits the spriggan berserker.
The spriggan berserker is moderately wounded.
The spriggan berserker is knocked back by the mystic blast.
The spriggan berserker collides with Agnes!
Agnes is heavily wounded.
The spriggan berserker is heavily wounded.
Unknown command.
Unknown command.
Casting: Iskenderun's Mystic Blast (safe; 1% risk of failure)
Confirm with . or Enter, or press ? or * to list all spells.
You erupt in a blast of force!
The mystic blast hits the spriggan berserker!
The spriggan berserker is severely wounded.
The spriggan berserker is knocked back by the mystic blast.
The spriggan berserker collides with Agnes!
Agnes is heavily wounded.
The spriggan berserker is severely wounded.
The spriggan berserker hits you with a +0 hand axe!!
Ouch! That really hurt!
You die...

#################################
#.⌠._._._._.⌠.#..'..)#....##∩##|#
'.._._._._._..'..#)..#....'))##'#
#..._._._._...#..###'##...##∩#..#
#.._._._._._..#..##∩∩.'...#####..
#._._._._._.⌠.#################..
###################......###.....
#♣♣♣♣♣..♣(###.'..'.......'.'..)♣.
......♣).♣##..#.@#.P.....########
♣..♣♣♣.♣..###.##i##......#
.♣♣[.♣...♣'...#♣i♣########
###############... ♣.. .... ♣...
#####


You could see Agnes and a spriggan berserker (berserk).

Vanquished Creatures
  A spriggan druid (D)
  6 oklob plants (D)
  A demonic crawler (D)
  3 burning bushes (D)
  3 wandering mushrooms (D)
  A queen bee (D)
  A hornet (D)
  3 scorpions (D)
  4 killer bees (D)
  5 oklob saplings (D)
  5 spriggans (D)
  A river rat (D)
  A rat (D)
  A ballistomycete spore (D)
36 creatures vanquished.

Vanquished Creatures (others)
  15 fulminant prisms (D)
  A fungus (D)
16 creatures vanquished.

Grand Total: 52 creatures vanquished

Notes
Turn   | Place    | Note
-------+----------+-------------------------------------------
     0 | D        | Zeld the Deep Elf Conjurer began the quest for the Orb.
     0 | D        | Reached XP level 1. HP: 10/10 MP: 6/6
     6 | D        | Reached skill level 4 in Spellcasting
     6 | D        | Reached skill level 5 in Conjurations
     6 | D        | Reached skill level 1 in Hexes
     6 | D        | Reached skill level 1 in Translocations
     6 | D        | Reached XP level 2. HP: 15/15 MP: 5/9
    10 | D        | Learned a level 2 spell: Searing Ray
   105 | D        | Noticed an oklob sapling
   108 | D        | Killed an oklob sapling
   109 | D        | Reached skill level 5 in Spellcasting
   109 | D        | Reached XP level 3. HP: 19/19 MP: 6/12
   353 | D        | Noticed a scorpion
   353 | D        | Found the amulet of invisibility {+Inv}
   358 | D        | Killed a scorpion
   359 | D        | Reached skill level 7 in Spellcasting
   359 | D        | Reached XP level 4. HP: 13/24 MP: 5/15
   698 | D        | Found an opulent altar of Gozag.
   698 | D        | Found a hazy altar of Hepliaklqana.
   698 | D        | Found a burning altar of Makhleb.
   698 | D        | Found a sparkling altar of Nemelex Xobeh.
   698 | D        | Found a snail-covered altar of Cheibriados.
   698 | D        | Found a sacrificial altar of Ru.
   698 | D        | Found a shimmering blue altar of Sif Muna.
   698 | D        | Found a shimmering altar of Xom.
   698 | D        | Found a basalt altar of Yredelemnul.
   699 | D        | Found a viscous altar of Jiyva.
   699 | D        | Found a bloodstained altar of Trog.
   699 | D        | Found an ornate altar of the Wu Jian Council.
   700 | D        | Found an iron altar of Okawaru.
   700 | D        | Found a shadowy altar of Dithmenos.
   700 | D        | Found a glowing silver altar of Zin.
   701 | D        | Found an ancient bone altar of Kikubaaqudgha.
   701 | D        | Found a hide-covered altar of Uskayaw.
   702 | D        | Found a stormy altar of Qazlal.
   702 | D        | Found a glowing golden altar of the Shining One.
   702 | D        | Found a white marble altar of Elyvilon.
   703 | D        | Found a radiant altar of Vehumet.
   703 | D        | Found a corrupted altar of Lugonu.
   706 | D        | Became a worshipper of Sif Muna the Loreminder
   718 | D        | Learned a level 4 spell: Fulminant Prism
   723 | D        | Learned a level 4 spell: Iskenderun's Mystic Blast
   933 | D        | Reached skill level 5 in Stealth
   933 | D        | Reached skill level 8 in Spellcasting
  1101 | D        | Reached skill level 9 in Spellcasting
  1101 | D        | Reached XP level 5. HP: 28/28 MP: 8/18
  1275 | D        | Reached * piety under Sif Muna
  1583 | D        | Reached skill level 10 in Spellcasting
  1583 | D        | Reached ** piety under Sif Muna
  1584 | D        | Reached skill level 11 in Spellcasting
  1584 | D        | Reached XP level 6. HP: 17/32 MP: 12/22
  1730 | D        | Found Sumo's General Store.
  1730 | D        | Found Leang's Armour Emporium.
  1941 | D        | Noticed a burning bush
  1941 | D        | Noticed a wandering mushroom
  1944 | D        | Noticed a wandering mushroom
  1945 | D        | Reached skill level 10 in Conjurations
  1947 | D        | Killed a wandering mushroom
  1948 | D        | Reached skill level 13 in Spellcasting
  1948 | D        | Reached XP level 7. HP: 36/36 MP: 15/25
  1948 | D        | Killed a wandering mushroom
  1949 | D        | Reached skill level 14 in Spellcasting
  1955 | D        | Killed a burning bush
  1955 | D        | Reached *** piety under Sif Muna
  1956 | D        | Reached skill level 15 in Spellcasting
  1956 | D        | Reached XP level 8. HP: 41/41 MP: 4/29
  2208 | D        | Found Nynidopu's Antique Weapon Emporium.
  2208 | D        | Found Gaqixt's Book Shoppe.
  2255 | D        | Noticed a queen bee
  2262 | D        | Killed a queen bee
  2262 | D        | Reached **** piety under Sif Muna
  2263 | D        | Reached skill level 16 in Spellcasting
  2614 | D        | Noticed an oklob plant
  2623 | D        | Killed an oklob plant
  2624 | D        | Reached skill level 17 in Spellcasting
  2824 | D        | Noticed a burning bush
  2835 | D        | Killed a burning bush
  2836 | D        | Reached skill level 15 in Conjurations
  3186 | D        | Noticed a burning bush
  3186 | D        | Noticed an oklob plant
  3190 | D        | Killed a burning bush
  3191 | D        | Reached XP level 9. HP: 16/45 MP: 14/32
  3305 | D        | Noticed a wandering mushroom
  3313 | D        | Killed an oklob plant
  3313 | D        | Killed a wandering mushroom
  3313 | D        | Reached ***** piety under Sif Muna
  3313 | D        | Received a gift from Sif Muna
  3314 | D        | Reached skill level 18 in Spellcasting
  3316 | D        | Got Sif Muna's Reference Book on Freezing Earth {god gift}
  3388 | D        | Identified the +0 robe of the Hidden Seas {Harm rPois rF++
                  | Int-3}
  3410 | D        | Noticed a spriggan druid
  3412 | D        | Killed a spriggan druid
  3413 | D        | Reached skill level 19 in Spellcasting
  3466 | D        | Noticed an oklob plant conjurer
  3468 | D        | Killed an oklob plant conjurer
  3568 | D        | Noticed an oklob plant
  3568 | D        | Noticed an oklob plant summoner
  3570 | D        | Noticed an oklob plant shifter
  3579 | D        | Killed an oklob plant summoner
  3580 | D        | Reached skill level 20 in Spellcasting
  3580 | D        | Reached skill level 1 in Invocations
  3582 | D        | Killed an oklob plant
  3582 | D        | Killed an oklob plant shifter
  3583 | D        | Reached XP level 10. HP: 34/50 MP: 21/36
  3691 | D        | Received a gift from Sif Muna
  3694 | D        | Got Sif Muna's Tome of Displaced Flight {god gift}
  3701 | D        | Learned a level 5 spell: Manifold Assault
  3885 | D        | Noticed a spriggan rider
  3886 | D        | Found Ywnajisa's Assorted Antiques.
  3895 | D        | Killed a spriggan rider
  3896 | D        | Reached skill level 21 in Spellcasting
  4137 | D        | Found Atia's Jewellery Shoppe.
  4145 | D        | Bought a bubbling red potion for 19 gold pieces
  4145 | D        | Bought a scroll labelled JEHEDYG KEDUNG for 22 gold pieces
  4145 | D        | Bought a fizzy grey potion for 19 gold pieces
  4145 | D        | Bought a scroll labelled OHAWKI OGIFOER for 22 gold pieces
  4145 | D        | Bought a scroll labelled SEFIKHLU TUSCH for 22 gold pieces
  4145 | D        | Bought a scroll labelled JEHEDYG KEDUNG for 22 gold pieces
  4181 | D        | Noticed Agnes
  4184 | D        | Noticed a spriggan berserker
  4189 | D        | Mangled by a spriggan berserker

Illustrated notes

Levels and vault maps discovered:
D:        dungeon_sprint_fedhas [sprint_temple]

Skill      XL: |  1  2  3  4  5  6  7  8  9 10 |
---------------+-------------------------------+-----
Spellcasting   | 4 5 7 9 11 13 15 17 20 21 | 21.3
Conjurations   | 5 7 8 9 11 13 15 17 18 | 18.5
Hexes          | 1 2 |  2.0
Translocations | 1 2 3 |  3.6
Stealth        | 3 4 6 7 8 |  8.0
Invocations    | 3 4 |  4.9
Dodging        | |  2.4

Action                   |  1- 3 |  4- 6 |  7- 9 | 10-12 || total
-------------------------+-------+-------+-------+-------++-------
Melee: Unarmed           |       |       |       |     2 ||     2
 Cast: Magic Dart        |     3 |       |       |       ||     3
       Searing Ray       |     3 |     4 |     6 |       ||    13
       Fulminant Prism   |       |     3 |    11 |     1 ||    15
       Iskenderun's Myst |       |     2 |    14 |    13 ||    29
       Manifold Assault  |       |       |       |     2 ||     2
Invok: Channel Magic     |       |       |       |     1 ||     1
 Abil: Evoke Invisibilit |       |     4 |     8 |       ||    12
Dodge: Dodged            |     1 |     2 |     1 |     4 ||     8
Block: Buckler           |     2 |       |       |     1 ||     3
